 Dungeon Crawl Stone Soup version 0.24.0-13-gcf9b3192b9 (webtiles) character file.

Game seed: 18408557081910356853, levelgen mode: deterministic

94 Arixos the Vexing (level 4, 33/33 HPs)
             Began as a Vampire Arcane Marksman on Nov 7, 2019.
             Quit the game on level 2 of the Dungeon.
             The game lasted 00:09:35 (1348 turns).

Arixos the Vexing (Vampire Arcane Marksman)         Turns: 1348, Time: 00:09:36

Health: 33/33      AC:  6    Str: 10    XL:     4   Next: 38%
Magic:  6/6        EV: 11    Int: 15    God:
Gold:   93         SH:  0    Dex: 14    Spells: 0/6 levels left

rFire    . . .     SeeInvis +   a - +4 short sword
rCold    . . .     Gourm    .   (no shield)
rNeg     . . .     Faith    .   m - +0 ring mail
rPois    .         Spirit   .   (no helmet)
rElec    .         Reflect  .   j - +0 cloak
rCorr    .         Harm     .   (no gloves)
MR       .....                  (no boots)
Stlth    +.........             (no amulet)
HPRegen  0.31/turn              (no ring)
MPRegen  0.10/turn              (no ring)

@: regenerating quickly
A: no food, fangs 3, see invisible, unbreathing
a: Exsanguinate


You were on level 2 of the Dungeon.
You were alive.

You visited 1 branch of the dungeon, and saw 2 of its levels.

You collected 93 gold pieces.

Inventory:

Hand Weapons
 a - a +4 short sword (weapon)
 b - a +0 shortbow
Missiles
 d - 32 arrows
Armour
 j - a +0 cloak (worn)
 m - a +0 ring mail (worn)
Scrolls
 c - a scroll of teleportation {unknown}
 e - a scroll of enchant armour {unknown}
 f - 3 scrolls of identify {unknown}
 h - 2 scrolls of magic mapping {unknown}
 k - 2 scrolls of fear {unknown}
 l - a scroll of immolation {unknown}
 o - a scroll of enchant weapon {unknown}
Potions
 g - a potion of curing {unknown}
 i - a potion of lignification {unknown}
 n - a potion of resistance {unknown}
 p - a potion of agility {unknown}
 q - a potion of heal wounds {unknown}


   Skills:
 + Level 1.8 Fighting
 + Level 2.2 Bows
 + Level 2.9 Dodging
 + Level 1.8 Spellcasting
 + Level 5.2 Hexes


You couldn't memorise any spells.
You knew the following spells:

 Your Spells              Type           Power        Failure   Level  Hunger
a - Slow                  Hex            ###.....     11%         2    N/A
b - Corona                Hex            ###....      7%          1    N/A
q - Inner Flame           Hex/Fire       #.......     52%         3    N/A

Your spell library contained the following spells:

 Spells                   Type           Power        Failure   Level  Hunger
 Portal Projectile        Hex/Tloc       #.....       52%         3    N/A
 Cause Fear               Hex            ###.......   56%         4    N/A
 Leda's Liquefaction      Hex/Erth       #.........   90%         4    N/A

Dungeon Overview and Level Annotations

Branches:
Dungeon (2/15)

Altars:


Innate Abilities, Weirdness & Mutations

You do not eat.
Your natural rate of healing is unusually fast.
You have razor-sharp teeth.
You have supernaturally acute eyesight. (SInv)
You can survive without breathing.


Message History

The adder is almost dead.
The adder bites you. The adder closely misses you.
You hit the adder.
You kill the adder!
No target in view!
You start resting.
HP restored.
This spell is quite dangerous to cast!
Memorise Inner Flame, consuming 3 spell levels and leaving 0?
Okay, then.
This spell is quite dangerous to cast!
Memorise Inner Flame, consuming 3 spell levels and leaving 0?
You start memorising the spell.
You continue memorising. x3
You finish memorising.
Spell assigned to 'c'.
Adjust (i)tems, (s)pells, or (a)bilities?
Adjust which spell? c - Inner Flame Adjust to which letter? q - Inner Flame Are you sure you want to abandon this character and quit the game? (Confirm with "yes".)

#.... #.... #....
####################..
#.....................
#.....................
#.....................
#.....................
#....@................
......†#########........
######. #.####... #. #.#
#... #......... .. #.#
#... ##......#. .. #.#
#... ........ ... #...
#.....[# ... ....
#..g...#


There were no monsters in sight!

Vanquished Creatures
  3 gnolls
  2 adders
  An ooze (D:1)
  A dart slug (D:1)
  6 goblins
  9 hobgoblins
  A ball python (D:1)
  6 bats
  A frilled lizard (D:1)
  7 kobolds (D:1)
  5 rats (D:1)
42 creatures vanquished.

Notes
Turn   | Place    | Note
-------+----------+-------------------------------------------
     0 | D:1      | Arixos the Vampire Arcane Marksman began the quest for the
                  | Orb.
     0 | D:1      | Reached XP level 1. HP: 14/14 MP: 2/2
    33 | D:1      | Reached skill level 1 in Fighting
    99 | D:1      | Reached XP level 2. HP: 10/21 MP: 3/3
   298 | D:1      | Reached XP level 3. HP: 23/26 MP: 1/5
   640 | D:1      | Learned a level 2 spell: Slow
  1014 | D:1      | Reached skill level 5 in Hexes
  1096 | D:1      | Reached XP level 4. HP: 29/33 MP: 6/6
  1348 | D:2      | Learned a level 3 spell: Inner Flame
  1348 | D:2      | Quit the game

Levels and vault maps discovered:
D:1:      dpeg_arrival_yet_another_circle, layout_loops_ring,
          minmay_pentomino_q4
D:2:      layout_basic, minmay_overflow_temple_hex

Skill      XL: |  1  2  3 |
---------------+----------+-----
Fighting       | 1 |  1.8
Bows           | 2 |  2.2
Hexes          | 5 |  5.2
Dodging        | |  2.9
Spellcasting   | |  1.8

Action                   |  1- 3 |  4- 6 || total
-------------------------+-------+-------++-------
Melee: Unarmed           |    26 |       ||    26
       Bite              |     8 |       ||     8
       Short sword       |    23 |    17 ||    40
 Fire: Shortbow          |    68 |    26 ||    94
 Cast: Corona            |     8 |       ||     8
       Slow              |     4 |     5 ||     9
Armor: Robe              |    24 |       ||    24
       Ring mail         |     9 |     7 ||    16
Dodge: Dodged            |    84 |    16 ||   100
